Match 46311059
Unlisted

Match 46311059
End
Selects Australian Defense Battlegroup
Selects Australian Light Infantry Section
Australian Light Infantry Section
Construct Section Command Post
Dingo Light Scout Car
Infantry Section
Infantry Section
Construct Platoon Command Post
Selects 2-pounder Anti-tank Gun Team
2-pounder Anti-tank Gun Team
Humber Armored Car
Construct Field Infirmary
Humber Armored Car
6-pounder Anti-tank Gun Team
Selects Vehicle Over Repair
Vickers Machine Gun Team
6-pounder Anti-tank Gun Team
Construct Company Command Post
Crusader II Medium Tank
UMirinBrah?
JBQuib
0
0

Comments sign in to comment!

No comments posted yet!